 Dungeon Crawl Stone Soup version 0.32-a0-818-gb728d0252e (webtiles) character file.

Game seed: 2714483912536403154

4595 whatisthis the Covert (level 10, -5/61 HPs)
             Began as a Kobold Brigand on Mar 23, 2024.
             Was a Believer of Uskayaw.
             Slain by an ice devil (8 damage)
             ... on level 9 of the Dungeon.
             The game lasted 00:16:36 (8125 turns).

whatisthis the Covert (Kobold Brigand)              Turns: 8125, Time: 00:16:36

Health: -5/61      AC:  8    Str:  8    XL:     10   Next: 68%
Magic:  0/19       EV: 13    Int: 12    God:    Uskayaw [**....]
Gold:   489        SH:  0    Dex: 24    Spells: 9/9 levels left

rFire   + . .        m - +2 dagger (venom)
rCold   . . .        (no shield)
rNeg    . . .        B - +0 steam dragon scales
rPois   +            u - +0 helmet
rElec   .            c - +0 cloak {rPois}
rCorr   .            z - +0 pair of gloves "Monkach" {rF+ Dex+2}
SInv    +            (no boots)
Will    .....        y - amulet of guardian spirit
Stlth   +++++++      q - ring of magical power
HPRegen 0.30/turn    b - ring of see invisible
MPRegen 0.16/turn

%: guardian spirit
@: no status effects
A: small, no large weapons, nightstalker 3
a: Renounce Religion, Stomp, Line Pass


You were on level 9 of the Dungeon.
You worshipped Uskayaw.
Uskayaw was noncommittal.
You visited 2 branches of the dungeon, and saw 10 of its levels.

You collected 489 gold pieces.

Inventory:

Hand Weapons
 m - a +2 dagger of venom (weapon)
 w - a +3 short sword
 F - a +0 scimitar
Missiles
 d - 18 poisoned darts
 e - 7 curare-tipped darts
 r - 4 throwing nets (quivered)
Armour
 c - a +0 cloak of poison resistance (worn)
 u - a +0 helmet (worn)
 z - the +0 pair of gloves "Monkach" (worn) {rF+ Dex+2}
   (You found it on level 5 of the Dungeon)

   Dex+2:     It affects your dexterity (+2).
   rF+:       It protects you from fire.
 B - +0 steam dragon scales (worn)
Jewellery
 b - a ring of see invisible (right hand)
 q - a ring of magical power (left hand)
 y - an amulet of guardian spirit (around neck)
Wands
 g - a wand of flame (13)
 x - a wand of digging (5)
 K - a wand of paralysis (6)
Scrolls
 f - 2 scrolls of noise
 i - a scroll of fear
 j - 6 scrolls of teleportation
 k - a scroll of blinking
 l - 3 scrolls of fog
 p - a scroll of brand weapon
 s - 2 scrolls of revelation
 D - a scroll of immolation
 H - a scroll of amnesia
 I - 2 scrolls of vulnerability
Potions
 a - 4 potions of mutation
 h - a potion of brilliance {unknown}
 n - 5 potions of curing
 o - 4 potions of heal wounds {unknown}
 t - 2 potions of might {unknown}
 v - a potion of lignification {unknown}
 A - 3 potions of magic {unknown}
 C - 5 potions of haste {unknown}
 E - a potion of ambrosia {unknown}
 J - 2 potions of attraction {unknown}
 L - a potion of enlightenment {unknown}
Miscellaneous
 G - a phial of floods


   Skills:
 + Level 6.4 Fighting
 + Level 12.9 Short Blades
 - Level 2.1 Throwing
 - Level 1.2 Dodging
 + Level 14.6 Stealth


You had 9 spell levels left.
You didn't know any spells.
Your spell library contained the following spells:

 Spells                   Type           Power      Damage    Failure   Level
 Summon Small Mammal      Summ           0%         N/A       32%         1
 Ensorcelled Hibernation  Hex/Ice        0%         N/A       45%         2
 Call Canine Familiar     Summ           0%         N/A       69%         3
 Passwall                 Erth           0%         N/A       69%         3
 Swiftness                Air            0%         N/A       69%         3
 Summon Blazeheart Golem  Fire/Summ      0%         N/A       97%         4


Dungeon Overview and Level Annotations

Branches:
Dungeon (9/15)             Temple (1/1) D:7
   Lair: D:8-11         Orc: D:9-12

Altars:
Ashenzari
Cheibriados
Dithmenos
Elyvilon
Fedhas
Gozag
Kikubaaqudgha
Nemelex Xobeh
Okawaru
Qazlal
Ru
Sif Muna
Trog
Uskayaw
Vehumet
Wu Jian
Xom
Yredelemnul
Zin
The Shining One


Innate Abilities, Weirdness & Mutations

You are small and have problems with some larger weapons.
You are completely attuned to the shadows.


Message History

Aiming: Throw Flame
Press: ? - help, Shift-Dir - straight line, f/p - ice devil
Aim: an ice devil (lightly wounded, 68% to hit)
The puff of flame hits the ice devil but does no damage.
The ice devil is lightly wounded.
The ice devil barely misses you.
Unknown command.
You hit the ice devil.
The ice devil is moderately wounded.
The ice devil hits you but does no damage.
You barely miss the ice devil.
The ice devil is moderately wounded.
You hit the ice devil.
The ice devil is poisoned.
The ice devil is moderately wounded.
The ice devil hits you but does no damage.
You hit the ice devil but do no damage.
The ice devil is moderately wounded.
You hit the ice devil.
The ice devil is moderately wounded.
The ice devil hits you! The ice devil freezes you!!
You can now pass through a line of other dancers.
You closely miss the ice devil.
The ice devil is moderately wounded.
You barely miss the ice devil.
The ice devil is heavily wounded.
The ice devil hits you!
* * * LOW HITPOINT WARNING * * *
The ice devil freezes you!
* * * LOW HITPOINT WARNING * * *
Okay, then.
Throw: 5 throwing nets
Press: ? - help, Q - select action, (/) - cycle Shift-Dir - straight line, f/p - ice devil
Aim: an ice devil (heavily wounded, very poisoned, 66% to hit)
You throw a throwing net.
The throwing net closely misses the ice devil.
The ice devil hits you!
* * * LOW HITPOINT WARNING * * *
The ice devil freezes you!
You die...
Your body falls in perfect tune with the rhythm.

#........# #....
###.##### #....
##.### ##### #.....#
# #.###.# ### #.# #
#.. #.###+# #.#
####'##≈§≈### ##'#
#...@.+≈≈≈'.## ###...
#...4.#≈≈§#..###.'...
#.....##+##......#<..
#........#########...
#...(....# #...
+........# #...
.##........# ####
#..§P.####### #..§§P#


You could see an ice devil (very poisoned).

Vanquished Creatures
  Maurice (D:7)
  Grinder (D:3)
  2 wyverns
  A steam dragon (D:5)
  4 humans (D:6)
  Duvessa (D:5)
  2 water moccasins
  An orc warrior (D:7)
  2 sky beasts
  A black bear (D:5)
  2 ice beasts
  A centaur (D:8)
  3 phantoms
  4 bullfrogs
  A gnoll sergeant (D:8)
  3 scorpions
  5 wights
  Dowan (D:5)
  7 killer bees
  A bombardier beetle (D:6)
  A centaur zombie (D:6)
  2 bullfrog zombies
  A jelly (D:5)
  A centaur skeleton (D:6)
  4 orc priests
  Crazy Yiuf (D:7)
  A hound (D:7)
  A sleepcap (D:5)
  Jessica (D:3)
  4 orc wizards
  A howler monkey zombie (D:5)
  11 gnolls
  7 adders
  A white imp (D:6)
  2 ufetubi (D:5)
  2 dart slugs
  21 orcs
  9 ball pythons
  10 endoplasms
  A giant cockroach (D:1)
  13 goblins
  6 hobgoblins
  5 quokkas
  2 bats (D:1)
  3 frilled lizards
  9 kobolds
  7 rats
171 creatures vanquished.

Notes
Turn   | Place    | Note
-------+----------+-------------------------------------------
     0 | D:1      | whatisthis the Kobold Brigand began the quest for the Orb.
     0 | D:1      | Reached XP level 1. HP: 12/12 MP: 1/1
   122 | D:1      | Reached XP level 2. HP: 17/17 MP: 2/2
   660 | D:1      | Reached XP level 3. HP: 21/21 MP: 3/3
   818 | D:1      | Reached skill level 6 in Stealth
  1307 | D:2      | Identified the +9 dagger "Zutyutz" {drain, *Noise Str+3}
  1669 | D:2      | Reached XP level 4. HP: 25/26 MP: 4/4
  2313 | D:3      | Noticed Grinder
  2316 | D:3      | Killed Grinder
  2317 | D:3      | Reached skill level 8 in Stealth
  2317 | D:3      | Reached XP level 5. HP: 30/30 MP: 5/5
  2317 | D:3      | Reached XP level 6. HP: 35/35 MP: 6/6
  2424 | D:3      | Noticed Jessica
  2434 | D:3      | Killed Jessica
  3145 | D:4      | Found a bloodstained altar of Trog.
  3157 | D:4      | Found an ornate altar of the Wu Jian Council.
  3349 | D:4      | Found a sacrificial altar of Ru.
  3535 | D:5      | Entered Level 5 of the Dungeon
  3655 | D:5      | Noticed Dowan
  3681 | D:5      | Identified the +0 pair of gloves "Monkach" {rF+ Dex+2}
  3708 | D:5      | Reached XP level 7. HP: 26/40 MP: 7/7
  3722 | D:5      | Reached skill level 9 in Stealth
  3804 | D:5      | Noticed a water moccasin
  3807 | D:5      | Killed a water moccasin
  3936 | D:5      | Noticed a steam dragon
  3940 | D:5      | Killed a steam dragon
  3941 | D:5      | Reached skill level 10 in Stealth
  3941 | D:5      | Reached XP level 8. HP: 44/44 MP: 8/8
  4054 | D:5      | Noticed Duvessa
  4067 | D:5      | Killed Duvessa
  4073 | D:5      | Killed Dowan
  4333 | D:5      | Found a sparkling altar of Nemelex Xobeh.
  4412 | D:5      | Found a basalt altar of Yredelemnul.
  4521 | D:6      | Reached skill level 11 in Stealth
  4672 | D:6      | Noticed a human
  4674 | D:6      | Noticed a human
  4676 | D:6      | Killed a human
  4677 | D:6      | Reached skill level 10 in Short Blades
  4677 | D:6      | Reached XP level 9. HP: 48/48 MP: 9/9
  4715 | D:6      | Reached skill level 12 in Stealth
  5592 | D:7      | Noticed Maurice
  5598 | D:7      | Killed Maurice
  5599 | D:7      | Reached skill level 13 in Stealth
  5849 | D:7      | Reached XP level 10. HP: 57/57 MP: 10/10
  6257 | D:7      | Found a staircase to the Ecumenical Temple.
  6400 | D:7      | Reached skill level 5 in Fighting
  6462 | D:7      | Reached skill level 14 in Stealth
  6487 | Temple   | Entered the Ecumenical Temple
  6530 | Temple   | Became a worshipper of Uskayaw the Reveller
  6584 | D:7      | Reached * piety under Uskayaw
  6596 | D:7      | Reached ** piety under Uskayaw
  6661 | D:7      | Found a runed translucent door.
  6664 | D:7      | Noticed Crazy Yiuf
  6669 | D:7      | Killed Crazy Yiuf
  6861 | D:8      | Noticed a two-headed ogre
  7365 | D:8      | Reached *** piety under Uskayaw
  8013 | D:9      | Noticed a rust devil
  8102 | D:9      | Noticed an ice devil
  8125 | D:9      | HP: 3/61 [ice devil (7)]
  8125 | D:9      | Slain by an ice devil

Illustrated notes

Levels and vault maps discovered:
D:1:      minmay_arrival_arboretum_small, layout_loops_corners
D:2:      minmay_inner_zag, layout_basic, serial_glass, glass_columns_c,
          glass_columns_a, nicolae_hexahallways, minmay_randomly_rotated_circles
D:3:      layout_loops_ring, uniq_jessica, uniq_grinder
D:4:      layout_basic, hangedman_ru_absence, amethyst_overflow_temple_binary,
          minmay_misc_feat_enclosed
D:5:      layout_cave_pools, lemuel_zombie_altar_yredelemnul,
          nemelex_spade_bored_becter, uniq_duvessa
D:6:      layout_loops_corners, enter_ossuary_5, serial_undead, serial_undead_c,
          serial_undead_f, serial_undead_b, serial_undead_b, serial_undead_a,
          minmay_ruffians
D:7:      layout_basic, minmay_temple_entry_glass, uniq_maurice,
          uniq_crazy_yiuf_cottage
D:8:      layout_basic
D:9:      layout_roguey, serial_demonic, serial_demonic_e, serial_demonic_c,
          serial_demonic_d, serial_demonic_g, minmay_liquid_box
Temple:   bh_familiar_temple

Skill      XL: |  1  2  3  4  5  6  7  8  9 10 |
---------------+-------------------------------+-----
Short Blades   | 3 4 6 8 10 11 12 | 12.9
Stealth        | 6 8 10 11 13 14 | 14.6
Fighting       | 4 6 |  6.4
Throwing       | |  2.1
Dodging        | |  1.2

Action                     |  1- 3 |  4- 6 |  7- 9 | 10-12 || total
---------------------------+-------+-------+-------+-------++-------
  Melee: Dagger            |    62 |    76 |   215 |   217 ||   570
  Throw: Dart              |    11 |       |     1 |       ||    12
         Throwing net      |       |       |       |     1 ||     1
  Evoke: Wand              |       |       |       |     6 ||     6
    Use: Scroll            |       |       |     7 |     5 ||    12
   Stab: Sleeping          |    21 |    26 |    21 |    14 ||    82
         Distracted        |       |       |     2 |     1 ||     3
         Paralysed         |       |       |       |     3 ||     3
 Armour: Robe              |    20 |    20 |     5 |       ||    45
         Steam dragon scal |       |       |    58 |    78 ||   136
  Dodge: Dodged            |    19 |    17 |    70 |    70 ||   176

Table legend: (Time is in decaauts)
 A = Elapsed time spent in this place.
 B = Non-inter-level travel time spent in this place.
 C = Inter-level travel time spent in this place.
 D = Time resting spent in this place.
 E = Time spent auto-exploring this place.
 F = Levels seen in this place.
 G = Mean time per level.
                   A        B        C        D        E       F      G
               +--------+--------+--------+--------+--------+-----+--------+
         Total |   7880 |   7588 |    292 |    767 |   4627 |  10 |  788.0 |
       Dungeon |   7809 |   7573 |    236 |    767 |   4627 |   9 |  867.7 |
        Temple |     71 |     15 |     56 |      0 |      0 |   1 |   71.0 |
               +--------+--------+--------+--------+--------+-----+--------+

Top non-repeatable levels by time:
     D:7: 1366 daAuts
     D:2: 1087 daAuts
     D:5: 989 daAuts
     D:6: 952 daAuts
     D:1: 944 daAuts
     D:8: 820 daAuts
     D:4: 788 daAuts
     D:3: 684 daAuts
     D:9: 175 daAuts
  Temple: 71 daAuts
